 Dungeon Crawl Stone Soup version 0.28-a0-1435-g82390b3a13 (webtiles) character file.

Game seed: 979450478763957402

2000 knot the Cleaver (level 9, 46/63 HPs)
             Began as a Demonspawn Berserker on Jan 10, 2022.
             Was a Believer of Trog.
             Quit the game on level 6 of the Dungeon.
             The game lasted 00:06:25 (8995 turns).

knot the Cleaver (Demonspawn Berserker)             Turns: 8995, Time: 00:06:25

Health: 46/63      AC:  7    Str: 17    XL:     9   Next: 2%
Magic:  9/9        EV: 11    Int: 13    God:    Trog [**....]
Gold:   331        SH:  0    Dex: 13    Spells: 8/8 levels left

rFire   . . .      SeeInvis .   v - +0 war axe
rCold   . . .      Faith    .   (no shield)
rNeg    . . .      Spirit   .   a - +0 ring mail
rPois   .          Reflect  .   (no helmet)
rElec   .          Harm     .   l - +0 cloak
rCorr   .          Rampage  .   (no gloves)
Will    .....                   b - +0 pair of boots
Stlth   +.........              (no amulet)
HPRegen 1.20/turn               (no ring)
MPRegen 0.11/turn               (no ring)

@: no status effects
A: claws 2, ignite blood 1, powered by death 1, sanguine armour 2
a: Renounce Religion, Berserk, Trog's Hand


You were on level 6 of the Dungeon.
You worshipped Trog.
Trog was pleased with you.
You visited 1 branch of the dungeon, and saw 6 of its levels.

You collected 331 gold pieces.

Inventory:

Hand Weapons
 v - a +0 war axe (weapon)
Missiles
 c - 175 stones
 e - 41 sling bullets
 g - 2 silver boomerangs
 o - a throwing net
 y - 2 atropa-tipped darts
 A - 5 poisoned darts
 B - 3 boomerangs
Armour
 a - a +0 ring mail (worn)
 b - a +0 pair of boots (worn)
 l - a +0 cloak (worn)
Jewellery
 m - an amulet of magic regeneration
 t - an amulet of the acrobat
Wands
 p - a wand of iceblast (4) (quivered)
 w - a wand of paralysis (2)
 D - a wand of flame (16)
Scrolls
 f - 5 scrolls of teleportation {unknown}
 h - 4 scrolls of noise {unknown}
 i - a scroll of immolation {unknown}
 j - 2 scrolls of identify {unknown}
 k - a scroll of vulnerability {unknown}
 r - a scroll of fog {unknown}
 s - 2 scrolls of amnesia {unknown}
 z - a scroll of blinking {unknown}
 C - a scroll of summoning {unknown}
Potions
 d - 2 potions of mutation {unknown}
 n - 2 potions of curing {unknown}
 q - a potion of flight {unknown}
 u - a potion of berserk rage {unknown}
 x - 2 potions of haste {unknown}


   Skills:
 - Level 3.0 Fighting
 + Level 11.1 Axes
 - Level 1.7 Armour
 - Level 1.7 Dodging


You had 8 spell levels left.
You didn't know any spells.
Your spell library contained the following spells:

 Spells                   Type           Power      Damage    Failure   Level
 Slow                     Hex            0%         N/A       50%         1
 Ensorcelled Hibernation  Hex/Ice        0%         N/A       63%         2
 Passwall                 Tmut/Erth      0%         N/A       63%         2
 Scorch                   Fire           0%         2d5       63%         2
 Call Canine Familiar     Summ           0%         N/A       86%         3
 Confusing Touch          Hex            0%         N/A       86%         3
 Portal Projectile        Hex/Tloc       0%         N/A       86%         3
 Spider Form              Tmut/Pois      0%         N/A       86%         3
 Swiftness                Air            0%         N/A       86%         3
 Vampiric Draining        Necr           0%         2d6       86%         3
 Flame Wave               Conj/Fire      0%         2d4       99%         4
 Leda's Liquefaction      Hex/Erth       0%         N/A       99%         4
 Summon Cactus Giant      Summ           0%         N/A       100%        6


Dungeon Overview and Level Annotations

Branches:
Dungeon (6/15)
 Temple: D:4-7

Altars:
Ashenzari
Gozag
Sif Muna
Trog
Uskayaw
Vehumet


Innate Abilities, Weirdness & Mutations

You have very sharp fingernails.
Your demonic aura sometimes causes spilled blood to erupt in flames.
You regenerate a little health from kills.
When seriously injured, your blood forms thick armour. (AC +0)


Message History

The centaur unwields a +0 shortbow.
The centaur barely misses you. The centaur kicks you.
You slash the centaur!
The centaur is moderately wounded.
The centaur misses you. The centaur barely misses you.
The centaur hits you but does no damage.
The centaur kicks you.
You hit the centaur.
The centaur is heavily wounded.
The centaur closely misses you.
The centaur kicks you but does no damage.
You hit the centaur.
The centaur is severely wounded.
The centaur hits you but does no damage.
The centaur closely misses you.
You hit the centaur but do no damage.
The centaur is severely wounded.
The centaur hits you. The centaur barely misses you.
The centaur hits you but does no damage.
The centaur closely misses you.
You barely miss the centaur.
The centaur is severely wounded.
The centaur hits you. The centaur closely misses you.
You barely miss the centaur.
The centaur is severely wounded.
The centaur hits you but does no damage.
The centaur kicks you. The centaur hits you. The centaur kicks you.
You hit the centaur.
The centaur is severely wounded.
The centaur barely misses you.
The centaur kicks you but does no damage.
You slash the centaur!
You kill the centaur!
Trog accepts your kill.
You have reached level 9!
Your experience leads to an increase in your attributes!
Increase (S)trength, (I)ntelligence, or (D)exterity?
You feel clever. x2; Your demonic ancestry asserts itself...
Your blood heats up.
Are you sure you want to abandon this character and quit the game? (Confirm with "yes".)

#..####.............# #..#
#.............# ####..#
#.............# #.....#
#.............# #.##.##
#.............#
#.##.#####.............#
#.##.....#.....).......#
##.....####.............#
..........@)#.............#
..####..>####.............#
##.## #.............# #.#
#.............# #.#
############### ... #.


There were no monsters in sight!

Vanquished Creatures
  Prince Ribbit (D:5)
  Edmund (D:4)
  A black bear (D:6)
  3 sky beasts
  A necrophage (D:6)
  A centaur (D:6)
  2 ogres
  A kobold brigand (D:6)
  2 scorpions (D:5)
  A water moccasin skeleton (D:5)
  A wyvern skeleton (D:5)
  A centaur zombie (D:5)
  A howler monkey (D:5)
  A centaur skeleton (D:4)
  An orc priest (D:3)
  A bullfrog skeleton (D:6)
  A hound (D:5)
  A jelly (D:5)
  2 scorpion zombies (D:3)
  3 iguanas
  Natasha (thrice) (D:3)
  An orc wizard (D:3)
  11 gnolls
  4 adders
  A white imp (D:6)
  An ufetubus (D:5)
  2 adder skeletons
  A worm (D:5)
  4 dart slugs
  8 orcs
  4 endoplasms
  3 giant cockroaches
  6 goblins
  9 hobgoblins
  8 jackals
  7 kobolds
  2 quokkas
  5 ball pythons
  5 bats
  4 frilled lizards
  7 rats
123 creatures vanquished.

Notes
Turn   | Place    | Note
-------+----------+-------------------------------------------
     0 | D:1      | knot the Demonspawn Berserker began the quest for the Orb.
     0 | D:1      | Reached XP level 1. HP: 18/18 MP: 1/1
   205 | D:1      | Reached skill level 3 in Axes
   363 | D:1      | Gained mutation: You have sharp fingernails. [demonic
                  | ancestry]
   363 | D:1      | Reached XP level 2. HP: 23/24 MP: 2/2
   968 | D:1      | Found a faded altar of an unknown god.
  1779 | D:2      | Gained mutation: You have very sharp fingernails. [demonic
                  | ancestry]
  1779 | D:2      | Reached XP level 3. HP: 29/29 MP: 3/3
  1807 | D:2      | Reached ** piety under Trog
  2013 | D:2      | Reached skill level 4 in Axes
  2713 | D:3      | Found a bloodstained altar of Trog.
  2847 | D:3      | Noticed Natasha
  2854 | D:3      | Killed Natasha
  2855 | D:3      | Gained mutation: When seriously injured, your blood forms
                  | armour. (AC +0) [demonic ancestry]
  2855 | D:3      | Reached XP level 4. HP: 35/35 MP: 4/4
  3269 | D:3      | Reached skill level 5 in Axes
  3591 | D:3      | Gained mutation: You regenerate a little health from kills.
                  | [demonic ancestry]
  3591 | D:3      | Reached XP level 5. HP: 33/41 MP: 5/5
  3757 | D:3      | Found a radiant altar of Vehumet.
  3895 | D:3      | Noticed Natasha
  3906 | D:3      | Killed Natasha
  3907 | D:3      | Reached skill level 6 in Axes
  4184 | D:3      | Gained mutation: When seriously injured, your blood forms
                  | thick armour. (AC +0) [demonic ancestry]
  4184 | D:3      | Reached XP level 6. HP: 27/47 MP: 6/6
  4716 | D:3      | Noticed Natasha
  4737 | D:3      | Killed Natasha
  5111 | D:4      | Noticed Edmund
  5262 | D:4      | Killed Edmund
  5263 | D:4      | Reached skill level 7 in Axes
  5425 | D:4      | Reached XP level 7. HP: 48/52 MP: 7/7
  6020 | D:5      | Entered Level 5 of the Dungeon
  6020 | D:5      | Noticed Prince Ribbit
  6179 | D:5      | Killed Prince Ribbit
  6180 | D:5      | Reached skill level 8 in Axes
  6454 | D:5      | Reached skill level 9 in Axes
  6454 | D:5      | Reached XP level 8. HP: 52/58 MP: 8/8
  6490 | D:5      | Found an opulent altar of Gozag.
  7658 | D:6      | Found a hide-covered altar of Uskayaw.
  7662 | D:6      | Reached *** piety under Trog
  7667 | D:6      | Reached skill level 10 in Axes
  8342 | D:6      | Found a shimmering blue altar of Sif Muna.
  8427 | D:6      | Reached skill level 11 in Axes
  8959 | D:6      | Found a broken altar of Ashenzari.
  8995 | D:6      | Gained mutation: Your demonic aura sometimes causes spilled
                  | blood to erupt in flames. [demonic ancestry]
  8995 | D:6      | Reached XP level 9. HP: 46/63 MP: 9/9
  8995 | D:6      | Quit the game

Illustrated notes

Levels and vault maps discovered:
D:1:      lightli_molten_gateway, layout_rooms, basic_ecumenical_altar,
          minmay_misc_feat_ornament
D:2:      layout_basic, amcnicky_mini_corridor_feature, amcnicky_mini_pool_small
D:3:      layout_basic, trog_hazing_becter, nicolae_vehumet_radiance,
          uniq_natasha
D:4:      layout_rooms, grunt_decor_resistance, uniq_edmund
D:5:      layout_loops_corners, nicolae_gozag_cash_rules_everything_around_me,
          uniq_prince_ribbit1
D:6:      layout_loops_corners, mainiacjoe_overflow_24_doors,
          nicolae_overflow_quartered_altars, nicolae_uskayaw_dance_studio,
          portal_sewer_entry_d, chequers_serial_rivers_room_b,
          kennysheep_generic_room_16

Skill      XL: |  1  2  3  4  5  6  7  8 |
---------------+-------------------------+-----
Axes           | 3 4 5 6 7 9 11 | 11.1
Fighting       | |  3.0
Armour         | |  1.7
Dodging        | |  1.7

Action                   |  1- 3 |  4- 6 |  7- 9 || total
-------------------------+-------+-------+-------++-------
Melee: Hand axe          |   116 |   129 |    16 ||   261
       Punch             |     2 |     2 |     5 ||     9
       Unarmed           |       |     9 |       ||     9
       War axe           |       |       |   170 ||   170
Invok: Berserk           |     3 |     4 |     6 ||    13
       Trog's Hand       |       |     1 |       ||     1
Evoke: Wand              |       |     6 |     1 ||     7
  Use: Potion            |       |     2 |       ||     2
 Stab: Sleeping          |       |     1 |       ||     1
Armor: Animal skin       |    28 |    30 |     4 ||    62
       Skin              |       |    15 |       ||    15
       Ring mail         |       |       |    62 ||    62
Dodge: Dodged            |    83 |    82 |   117 ||   282

Table legend: (Time is in decaauts)
 A = Elapsed time spent in this place.
 B = Non-inter-level travel time spent in this place.
 C = Inter-level travel time spent in this place.
 D = Time resting spent in this place.
 E = Time spent auto-exploring this place.
 F = Levels seen in this place.
 G = Mean time per level.
                   A        B        C        D        E       F      G
               +--------+--------+--------+--------+--------+-----+--------+
         Total |   9137 |   8855 |    282 |   2385 |   5571 |   6 | 1522.8 |
       Dungeon |   9137 |   8855 |    282 |   2385 |   5571 |   6 | 1522.8 |
               +--------+--------+--------+--------+--------+-----+--------+

Top non-repeatable levels by time:
     D:3: 3223 daAuts
     D:6: 1621 daAuts
     D:5: 1215 daAuts
     D:2: 1170 daAuts
     D:1: 1116 daAuts
     D:4: 789 daAuts
